Cogmind - Beta 15 @@@ ROGUE MODE // 2025.10.09 @ 11:38:12 Player: GermanMO Result: Destroyed by S-10 Pest with Light Assault Rifle Performance ------------- Evolutions (1) 500 Regions Visited (2) 400 Robots Destroyed (3) 15 Value Destroyed (88) 88 Prototype IDs (0) 0 Alien Tech Used (0) 0 Bonus (0) 0 TOTAL SCORE: 1003 Bonus ------- None Cogmind --------- Core Integrity 0/400 Matter 93/300 Energy 83/100 System Corruption 0% Temperature Cool (0) Movement Core (50) Location -9/Materials Parts ------- > --- POWER (1) -------- (None) > --- PROPULSION (3) --- (None) > --- UTILITY (3) ------ Terrain Scanner > --- WEAPON (2) ------- (None) > --- INVENTORY (5) ---- (None) Peak State ------------ > --- POWER ------------ Light Ion Engine > --- PROPULSION ------- Aluminum Leg VTOL Module > --- UTILITY ---------- Improved Terrain Scanner > --- WEAPON ----------- Assault Rifle > --- INVENTORY -------- Terrain Scanner [Rating: 8] Favorites ----------- Power Light Ion Engine Engine Light Ion Engine Propulsion VTOL Module Leg Aluminum Leg Flight Unit VTOL Module Utility Improved Terrain Scanner Device Improved Terrain Scanner Weapon Assault Rifle Ballistic Gun Assault Rifle Build | -11 -10 -9 ------- Run | Yrd Mat Mat Slots Evolved 2 | . . 2 Power . | . . . Propulsion 1 | . . 1 Utility 1 | . . 1 Weapon . | . . . Parts Attached 9 | 1 7 1 Power 1 | . 1 . Engine 1 | . 1 . Core . | . . . Reactor . | . . . Propulsion 5 | . 5 . Treads . | . . . Leg 1 | . 1 . Wheel . | . . . Hover . | . . . Flight 4 | . 4 . Utility 2 | . 1 1 Device 2 | . 1 1 Storage . | . . . Processor . | . . . Hackware . | . . . Protection . | . . . Artifact . | . . . Weapon 1 | 1 . . Energy Gun . | . . . Energy Cannon . | . . . Ballistic Gun 1 | 1 . . Ballistic Cannon . | . . . Launcher . | . . . Special Weapon . | . . . Impact Weapon . | . . . Slashing Weapon . | . . . Piercing Weapon . | . . . Special Melee Weapon . | . . . Unidentified Prototypes . | . . . Parts Lost 8 | . 4 4 Power 1 | . . 1 Propulsion 5 | . 3 2 Utility 1 | . . 1 Weapon 1 | . 1 . Highest Loss Streak 4 | . 3 4 To Critical Strikes . | . . . Average Backups 1 | . 1 1 Power . | . . . Propulsion . | . . . Utility . | . . 1 Weapon . | . . . Tool/Special . | . . . Unused Backups . | . . . Power . | . . . Propulsion . | . . . Utility . | . . . Weapon . | . . . Tool/Special . | . . . Average Slot Usage (%) 43 | . 51 33 Engine 10 | . 12 7 Leg 6 | . 4 7 Flight 13 | . 17 8 Device 4 | . 1 9 Ballistic Gun 7 | . 14 . Peak Build Rating 8 | 1 8 7 Average Rating 5 | . 5 5 On Entrance 2 | . 1 7 Naked Turns 32 | . . 32 Heaviest Build 6 | 2 6 4 Greatest Support 10 | 3 10 10 Greatest Overweight (x) 1 | . 1 1 Average Overweight (x) . | . . . Largest Inventory Capacity 5 | 5 5 5 Average Capacity 5 | 5 5 5 Most Carried 5 | 1 5 1 Average Carried 1 | . 1 . Final Capacity 5 | 5 5 5 Final Carried 1 | 1 1 . Class Distribution -------------------- 74% | Mutant 25% | Sprinter Dominant Class ---------------- Mutant | -10/Materials Mutant | -9/Materials Resources | -11 -10 -9 ----------- Run | Yrd Mat Mat Matter Collected 126 | 65 61 . Remotely . | . . . Salvage Created 115 | . 115 . Parts 6 | . 6 . Haulers Intercepted . | . . . Recyclers Shooed . | . . . Parts Field Recycled . | . . . Retrieved Matter . | . . . Parts Self-Destructed . | . . . Prevented . | . . . Kills | -11 -10 -9 ------- Run | Yrd Mat Mat Combat Hostiles Destroyed 2 | . 2 . Guns 2 | . 2 . Classes Destroyed 2 | . 2 . Tunneler 1 | . 1 . Grunt 2 | . 2 . Best Kill Streak 2 | . 2 . Combat Bots Only 2 | . 2 . Max Kills in Single Turn 1 | . 1 . Gunslinging . | . . . Exploded . | . . . Melee . | . . . Uniques/NPCs Destroyed . | . . . Combat | -11 -10 -9 -------- Run | Yrd Mat Mat Hostile Shots Fired 114 | . 50 64 Missed 34 | . 15 19 Hits 80 | . 35 45 Projectile 80 | . 35 45 Critical Strikes 3 | . 1 2 Damage Taken 937 | . 459 478 Core 567 | . 167 400 Absorbed by Shields . | . . . Core Remaining (%) 66 | 100 33 . Volleys Fired 27 | . 27 . Largest 1 | . 1 . Hottest 20 | . 20 . Shots Fired 27 | . 27 . Gun 27 | . 27 . Cannon . | . . . Launcher . | . . . Special . | . . . Kinetic 27 | . 27 . Thermal . | . . . Explosive . | . . . Electromagnetic . | . . . Robot Hit Streak 10 | . 10 . Robot Miss Streak 2 | . 2 . Penetration Max . | . . . Secondary Targets . | . . . Shots Hit Robots 21 | . 21 . Core Hits 7 | . 7 . Critical Kills . | . . . Critical Parts Destroyed . | . . . Critical Strikes . | . . . Melee Attacks . | . . . Impact . | . . . Slashing . | . . . Piercing . | . . . Sneak Attacks . | . . . Combat Hostiles . | . . . Follow-up Attacks . | . . . Damage Inflicted 257 | . 257 . Guns 254 | . 254 . Cannons . | . . . Explosions . | . . . Melee . | . . . Ramming 3 | . 3 . Kinetic 254 | . 254 . Thermal . | . . . Explosive . | . . . Electromagnetic . | . . . Impact . | . . . Slashing . | . . . Piercing . | . . . Highest Corruption . | . . . Average Corruption . | . . . Corruption Purged . | . . . Corruption Blocked . | . . . Overload Shots . | . . . Overflow Damage . | . . . Projectiles . | . . . Explosions . | . . . Melee . | . . . Knockbacks . | . . . Impact . | . . . Kinetic . | . . . Secondary . | . . . Self-Inflicted Damage . | . . . Shots . | . . . Rammed . | . . . Targets Rammed 3 | . 3 . Kicked 3 | . 3 . Crushed . | . . . Highest Temperature 17 | . 17 . Average Temperature 3 | . 3 . Received Heat Transfer 381 | . 276 105 Siege Activations . | . . . Martial Activations . | . . . Shielding Activations . | . . . Robots Disrupted . | . . . Combat Hostiles . | . . . Robots Corrupted . | . . . Combat Hostiles . | . . . Parts Fried . | . . . Impact Corruptions . | . . . Robots Melted . | . . . Combat Hostiles . | . . . Parts Melted . | . . . Heat Transferred . | . . . Parts Sabotaged . | . . . Parts Stolen . | . . . Parts Stripped . | . . . Power Chain Reactions . | . . . Alert | -11 -10 -9 ------- Run | Yrd Mat Mat Maximum Alert Level . | . . . Low Security (%) 100 | 100 100 100 Level 1 . | . . . Level 2 . | . . . Level 3 . | . . . Level 4 . | . . . Level 5 . | . . . High Security . | . . . Max Security . | . . . Peak Influence 65 | . 40 65 Initial . | . . . Average 11 | . 10 12 Influence Increases 195 | . 85 110 Destroy 0b10 Robot/C 40 | . 40 . Destroy 0b10 Robot/NC 5 | . 5 . Destroy Leader 10 | . 10 . Successful Hack 5 | . . 5 Partial Spotted 15 | . 15 . Lose Combat Pursuer 120 | . 15 105 Influence Decreases 130 | . 85 45 Time Decay 110 | . 85 25 Lost Part 20 | . . 20 Squads Dispatched 5 | . 2 3 Investigation 1 | . 1 . Extermination . | . . . Reinforcement 4 | . 1 3 Assault . | . . . Garrison . | . . . Intercept . | . . . Searches Triggered . | . . . Construction Impeded . | . . . Haulers Reinforced . | . . . Active Scanning Responses . | . . . Cargo Convoy Interrupts . | . . . Stealth | -11 -10 -9 --------- Run | Yrd Mat Mat Distress Signals 2 | . . 2 Communications Jammed . | . . . Distress Signals . | . . . Times Spotted 22 | . 7 15 Peak Tracking Total 14 | . 4 14 Tactical Retreats 3 | . 1 2 Traps | -11 -10 -9 ------- Run | Yrd Mat Mat Traps Triggered 2 | . 1 1 Indirectly . | . . . Trap Hack Attempts . | . . . Triggered . | . . . Disarmed . | . . . Reprogrammed . | . . . Reused . | . . . Traps Extracted . | . . . Installed . | . . . Triggered . | . . . Machines | -11 -10 -9 ---------- Run | Yrd Mat Mat Machines Disabled . | . . . Max in Single Turn . | . . . Machines Repaired . | . . . Machines Dismantled . | . . . Machines Sabotaged . | . . . Overloaded Fab Kills . | . . . Hacking | -11 -10 -9 --------- Run | Yrd Mat Mat Machines Accessed 2 | . 1 1 Terminals 2 | . 1 1 Fabricators . | . . . Repair Stations . | . . . Recycling Units . | . . . Scanalyzers . | . . . Garrison Access . | . . . Total Hacks 8 | . 2 6 Successful 8 | . 2 6 Failed . | . . . Catastrophic . | . . . Database Lockouts . | . . . Manual . | . . . Terminals 8 | . 2 6 Fabricators . | . . . Repair Stations . | . . . Recycling Units . | . . . Scanalyzers . | . . . Garrison Access . | . . . Terminal Hacks 8 | . 2 6 Record 8 | . 2 6 Fabricator Hacks . | . . . Repair Station Hacks . | . . . Recycling Unit Hacks . | . . . Scanalyzer . | . . . Garrison Access Hacks . | . . . Unauthorized Hacks . | . . . Terminals . | . . . Fabricators . | . . . Repair Stations . | . . . Recycling Units . | . . . Scanalyzers . | . . . Garrison Access . | . . . Data Cores Recovered . | . . . Used . | . . . Hacking Detections . | . . . Full Trace Events . | . . . Feedback Events . | . . . Feedback Blocked . | . . . Robot Schematics Acquired . | . . . Robots Built . | . . . Authchips . | . . . Time . | . . . Total Robot Build Rating . | . . . Part Schematics Acquired . | . . . Parts Built . | . . . Authchips . | . . . Time . | . . . Total Part Build Rating . | . . . Parts Repaired . | . . . Time . | . . . Parts Recycled . | . . . Recycled Matter . | . . . Retrieved Matter . | . . . Retrieved Components . | . . . Parts Scanalyzed . | . . . Part Schematics Acquired . | . . . Parts Damaged . | . . . Bothacking | -11 -10 -9 ------------ Run | Yrd Mat Mat Used RIF Installer . | . . . Robots Hacked . | . . . Non-combat . | . . . Combat . | . . . Robot Hacks Applied . | . . . Relay Couplers Released . | . . . Fabnet Peak Effective % . | . . . Robots Rewired . | . . . Allies Hacked . | . . . Hacks Repelled . | . . . Allies | -11 -10 -9 -------- Run | Yrd Mat Mat Total Allies . | . . . Largest Group . | . . . Highest-Rated Group . | . . . Highest-Rated Ally . | . . . Total Orders . | . . . Ally Attacks . | . . . Total Damage . | . . . Kills . | . . . Allies Corrupted . | . . . Allies Melted . | . . . Intel | -11 -10 -9 ------- Run | Yrd Mat Mat Active Infowar (turns) 195 | . 35 160 Terrain 195 | . 35 160 Robot Analysis Total . | . . . Derelict Logs Recovered . | . . . Drone Launches . | . . . Drone Recoveries . | . . . Exploration | -11 -10 -9 ------------- Run | Yrd Mat Mat Turns Passed 456 | 15 249 192 Spaces Moved 536 | 23 306 207 Core 168 | 23 20 125 Treads . | . . . Legs 144 | . 62 82 Wheels . | . . . Hover . | . . . Flight 224 | . 224 . Fastest Speed 32 | 50 32 50 Average Speed 61 | 50 51 78 Slowest Speed 120 | 50 120 120 Overloaded Moves . | . . . Propulsion Burnouts . | . . . Robots Hopped . | . . . Potential Cave-ins . | . . . Cave-ins Triggered . | . . . Exploration Rate (%) 26 | 4 47 28 Regions Visited 2 Branch Regions . Pre-discovered Areas . | . . . Known Exits Taken . | . . . Unknown Exits Taken 2 | 1 1 . Scrap Searched . | . . . Spaces Dug . | . . . Terrain Destroyed . | . . . Melee . | . . . Projectile . | . . . AOE . | . . . Terrain Rammed . | . . . Walls Destroyed . | . . . Machines Disabled . | . . . Actions | -11 -10 -9 --------- Run | Yrd Mat Mat Total 630 | 25 368 237 Wait 47 | . 18 29 Move 535 | 22 306 207 Hop . | . . . Pick Up 9 | 2 7 . Fast Attach . | . . . Attach 9 | 1 7 1 Detach . | . . . Swap 1 | . 1 . Drop . | . . . Fire 27 | . 27 . Melee . | . . . Ram . | . . . Kick 2 | . 2 . Crush . | . . . Escape Stasis . | . . . Rewire . | . . . Trap . | . . . Miscellaneous . | . . . Route ------- -11/Scrapyard -10/Materials -9/Materials History --------- Turn | Location | Event 5 | -11/Scrapyard | Discovered new exit (range 16) 16 | -11/Scrapyard | Entered Materials 176 | -10/Materials | Lost 3 parts (3n) 246 | -10/Materials | Discovered new exit (range 10) 255 | -10/Materials | Core integrity fell below 50% 265 | -10/Materials | Entered another Materials area 265 | -9/Materials | Evolved 2 slots: Propulsion x1, Utility x1 427 | -9/Materials | Core integrity fell below 50% 441 | -9/Materials | Build established: Mutant 453 | -9/Materials | Core integrity fell below 20% 455 | -9/Materials | Lost 4 parts (1p2n1u) 457 | -9/Materials | Destroyed by S-10 Pest with Light Assault Rifle Last Messages --------------- render the component itself useless. Advanced scanalyzers are equipped with a wider array of devices for more quickly and safely analyzing esoteric technologies. W-16 Scout sends out distress signal. Aluminum Leg destroyed. Lgt. Ion Engine destroyed. W-16 Scout sends out distress signal. ALERT: Hostiles spotted, dispatching reinforcements to Terminal M001. K-01 Serf collects debris. VTOL Module destroyed. Imp. Terrain Scanner destroyed. Critical hit (Burn: +37). O-16 Technician: "IFF HANDSHAKE FAILED. SECURING TERMINAL." ALERT: Hostiles spotted, dispatching reinforcements to Terminal M004. Triggered Explosive Trap. An explosion rips through the floor. Map ----- +----------------------------------------------------+ | | | | | ?????#############??????????????? | | ?????# """ #??????????????? | | ?????# "T" = """ ##?????????????? | | ?????# """ #?????????????? | | ?????# !! """ #??????????????? | | ??#### ! """ #??????????????? | | ??# # """ #??????????????? | | ??# # #??????????????? | | ??# ##s######+###??????????????? | | ??# #??# #????????????????? | | ??# #??# #????????????????? | | ??# #??# #????????????????? | | ??# #??# #????????????????? | | ??# #### #????????????????? | | ??# s #????????????????? | | ??# s[ #????????????????? | | ??# /* #???? ???????????? | | ??# /*^ #??? ??? ???????? | | ??# #???"" #??????? | | ??# #??""" #??????? | | ??# ##?""" #??????? | | ??## # """ #??????? | | ???# # #??????? | | ???# @ + #??????? | | ???# ### # #??????? | | ???# ??# ####+############??????? | | ???# ??# ### #??????? | | ???#+??#+#?# """ """ """????????? | | ???????????# """ """ "??????????? | | ???????????# """ """ """ #??????? | | ???????????# #??????? | | ???????????# ! #??????? | | ???????????##/###########???????? | | ????????????# # #???????? | | ????????????# # #?#####?? | | ????????????# # #?# ### | | ????????????# # """ """ #?# # | | ????????????# # """ """ #?# #[* | | ????????????# # """ """ #?# #[= | | ????????????# # #?# #* | | ????????????# # #?# # | | ????????????# #####+#####?? #? | | ??????# ### ### #######+### | | ??????# | | ??????# | | ??????# | | ??????###+####### ##+######## | | ????????????????#######?????????? | +----------------------------------------------------+ Best States ------------- Heat Dissipation 28 Energy Generation 10 Energy Capacity 125 Matter Stores 155 Matter Capacity 300 Sight Range 16 Terrain Scan Range 16 Terrain Scan Density 10 Evasion (%) 63 Item Schematics ----------------- None Robot Schematics ------------------ None Fabricated ------------ Nothing Repaired ---------- Nothing Alien Tech Used ----------------- None Achievements -------------- None Challenges ------------ None Game ------ Seed PersonalStormProtomatter Manual? 0 Play Time 00:13:30 Cumulative 27.9 hours Start 2025.10.09 @ 10:16:08 End 2025.10.09 @ 11:38:12 Sessions 3 Manual Loads 0 Difficulty Rogue Special Mode None Game No. 40 Rogue 13 Adventurer 0 Explorer 27 Win Type - Total 0 Types 0/0/0/0/0/0/0/0/0/0 Lore% 19 Gallery% 33 Achievement% 26 Wizard Run 0 Options --------- Layout 2 ASCII 0 Keyboard 0 Movement Mouse Keybinds 0 Fullscreen 2 Font 16/SmallcapsGlow Map View 50x44 Zoom Use 0% Tactical HUD 0 Map Filters NONE Filters NONE Steam X RUN: 2d3e65a1-b751-4b7c-9c7a-6d2e052b4f95